 Dungeon Crawl Stone Soup version 0.27-a0-828-g8289197e94 (webtiles) character file.

Game seed: 12863584068353560100

6843 polve the Transmogrifier (level 10, -7/122 HPs)
             Began as a Pale Draconian Transmuter on Mar 30, 2021.
             Mangled by a chaos spawn (10 damage)
             ... summoned by a kobold demonologist
             ... on level 10 of the Dungeon.
             The game lasted 00:19:53 (9319 turns).

polve the Transmogrifier (DrTm)                     Turns: 9319, Time: 00:19:54

Health: -7/122     AC:  8    Str: 12    XL:     10   Next: 78%
Magic:  11/14      EV:  8    Int: 17    God:
Gold:   339        SH:  0    Dex: 12    Spells: 2/15 levels left

rFire    . . .     SeeInvis .     - Unarmed
rCold    . . .     Faith    .   (shield currently unavailable)
rNeg     . . .     Spirit   .   (armour unavailable)
rPois    +         Reflect  .   (helmet currently unavailable)
rElec    .         Harm     .   (cloak currently unavailable)
rCorr    .         Rampage  .   (gloves currently unavailable)
Will     .....                  (boots currently unavailable)
Stlth    +.........             g - amulet of regeneration
HPRegen  1.30/turn              (no ring)
MPRegen  0.14/turn              (no ring)

@: on fire, hydra-form, slowed, glowing, very slow
A: fast swimmer, devour, amphibious, boosted hp, (breathe steam), AC +7, very
large, unfitting armour, (cold-blooded), (steam resistance)
a: End Transformation


You were on level 10 of the Dungeon.
You were a five-headed hydra.
You visited 1 branch of the dungeon, and saw 10 of its levels.

You collected 435 gold pieces.
You spent 96 gold pieces at shops.

Inventory:

Hand Weapons
 a - the +6 rapier of Yvvicweh (melded) {drain, rElec rF+}
   (You found it on level 9 of the Dungeon)

   A truly terrible weapon, it drains the life of those it strikes.
   It protects you from fire.
   It insulates you from electricity.
Armour
 h - a +0 pair of gloves (melded)
 v - a +0 pair of boots (melded)
Jewellery
 g - an amulet of regeneration (around neck)
 j - a ring of fire
Wands
 s - a wand of iceblast (10)
 u - a wand of flame (42)
 A - a wand of acid (9)
 E - a wand of mindburst (16)
Scrolls
 c - 3 scrolls of teleportation {unknown}
 d - 3 scrolls of magic mapping {unknown}
 e - 2 scrolls of summoning {unknown}
 f - 7 scrolls of identify {unknown}
 k - 3 scrolls of enchant weapon {unknown}
 l - 3 scrolls of fear {unknown}
 n - 3 scrolls of acquirement {unknown}
 p - 2 scrolls of noise {unknown}
 w - 2 scrolls of enchant armour {unknown}
 y - 2 scrolls of immolation {unknown}
 B - 2 scrolls of amnesia {unknown}
 C - a scroll of fog {unknown}
 D - 2 scrolls of brand weapon {unknown}
Potions
 b - 3 potions of magic {unknown}
 i - a potion of resistance {unknown}
 m - 2 potions of lignification
 o - 3 potions of attraction {unknown}
 q - a potion of brilliance {unknown}
 r - 4 potions of curing
 t - a potion of might {unknown}
 x - a potion of ambrosia {unknown}
 z - 2 potions of flight {unknown}
 F - a potion of invisibility {unknown}


   Skills:
 + Level 10.9 Fighting
 - Level 1.7 Dodging
 - Level 3.0 Unarmed Combat
 - Level 3.0 Spellcasting
 + Level 12.7 Transmutations


You had 2 spell levels left.
You knew the following spells:

 Your Spells              Type           Power      Damage    Failure   Level
a - Beastly Appendage     Tmut           90%        N/A       1%          1
b - Blink                 Tloc           N/A        N/A       26%         2
c - Spider Form           Tmut/Pois      12%        N/A       3%          3
d - Hydra Form            Tmut           22%        N/A       2%          5
z - Wereblood             Tmut           45%        N/A       1%          2

Your spell library contained the following spells:

 Spells                   Type           Power      Damage    Failure   Level
 Animate Skeleton         Necr           4%         N/A       17%         1
 Apportation              Tloc           4%         N/A       17%         1
 Corona                   Hex            2%         N/A       17%         1
 Magic Dart               Conj           8%         1d3       17%         1
 Shock                    Conj/Air       8%         1d3       17%         1
 Summon Small Mammal      Summ           8%         N/A       17%         1
 Call Imp                 Summ           2%         N/A       26%         2
 Slow                     Hex            2%         N/A       26%         2
 Swiftness                Air            2%         N/A       26%         2
 Ice Form                 Ice/Tmut       24%        N/A       13%         4
 Petrify                  Tmut/Erth      24%        N/A       13%         4
 Yara's Violent Unravell  Hex/Tmut       12%        3d7       34%         5
 Confusing Touch          Hex            2%         N/A       45%         3
 Conjure Flame            Conj/Fire      2%         6-21      45%         3
 Gell's Gravitas          Tloc           1%         N/A       45%         3
 Inner Flame              Hex/Fire       2%         N/A       45%         3
 Mephitic Cloud           Conj/Pois/Air  2%         N/A       45%         3
 Portal Projectile        Hex/Tloc       4%         N/A       45%         3
 Static Discharge         Conj/Air       2%         N/A       45%         3
 Airstrike                Air            1%         N/A       86%         4
 Cause Fear               Hex            1%         N/A       86%         4
 Leda's Liquefaction      Hex/Erth       1%         N/A       86%         4
 Lightning Bolt           Conj/Air       1%         1d12      99%         5
 Metabolic Englaciation   Hex/Ice        1%         N/A       99%         5


Dungeon Overview and Level Annotations

Branches:
Dungeon (10/15)            Temple (0/1) D:5            Lair (0/6) D:8
    Orc (0/2) D:9

Altars:
Ashenzari
Cheibriados
Elyvilon
Makhleb
Nemelex Xobeh
Trog
Wu Jian
Yredelemnul

Shops:
D:4 ?   D:5 !   D:6 [

Annotations:
D:7 3 runed translucent doors, Hasart's ghost, novice OpVM; banchobear's ghost, amateur DrDe; nago's ghost, novice DjEE
D:10 exclusion: ice statue


Innate Abilities, Weirdness & Mutations

You are a five-headed hydra.
You swim very quickly.
You can devour living enemies to heal.
You are amphibious.
Your maximum health is greatly increased.
Your armour is entirely melded.
You are incapable of wielding weapons or throwing items.
((You can breathe blasts of scalding, opaque steam.))
((Your pale cyan-grey scales are hard. (AC +7)))
You cannot fit into any form of body armour.
((You are cold-blooded and may be slowed by cold attacks.))
((You are immune to the effects of steam.))


Message History

The smoke demon hits you!
The smoke demon hits you but does no damage. x2
The chaos spawn gores you!
* * * LOW HITPOINT WARNING * * *
The chaos spawn draws strength from your injuries!
You gouge the kobold demonologist!!
The kobold demonologist is almost dead.
You bite the smoke demon!
You nip at the chaos spawn but do no damage.
You nip at the kobold brigand.
The smoke demon gestures at you.
The sticky flame hits you but does no damage.
You are covered in liquid flames!
The kobold demonologist casts a spell.
The chaos spawn gores you but does no damage.
The smoke demon hits you.
* * * LOW HITPOINT WARNING * * *
The smoke demon hits you but does no damage. x2
The kobold brigand hits you with a +0 dagger!
* * * LOW HITPOINT WARNING * * *
You barely miss the kobold demonologist.
The kobold demonologist is almost dead.
You nip at the smoke demon.
You nip at the chaos spawn.
You bite the ice devil! You barely miss the kobold brigand.
You are covered in liquid flames!
* * * LOW HITPOINT WARNING * * *
The kobold demonologist hits you with a +0 dagger.
* * * LOW HITPOINT WARNING * * *
The chaos spawn gores you but does no damage.
The smoke demon hits you.
* * * LOW HITPOINT WARNING * * *
The smoke demon hits you but does no damage. x2
The ice devil closely misses you.
The kobold demonologist looks satisfied for a moment.
The kobold brigand throws a curare-tipped dart.
The curare-tipped dart hits you.
You have difficulty breathing.
* * * LOW HITPOINT WARNING * * *
You feel as though you will be slow longer.
The chaos spawn hits you!
You die...

.....†..............#
..................#.#
#########.........#..#
#.....######.# #.....#
.. #.....# #. #.....#
#.# #44...# #..# ..#
#KD3..# #...#≈≈ ..#
#######.K...# ....≈≈
..#######....KK######
....≈ .............55#
#[.. .............(.#
#..# ..K...K....)...#
#..## .§##...........#
####....
K)##K..........#
#######.)....#
55##.......######
#).......##..)


You could see an ice devil (summoned), a kobold demonologist, a smoke demon
(summoned), a chaos spawn (summoned), 2 kobold brigands, an iron imp (summoned),
a shadow imp (summoned) and a kobold.

Vanquished Creatures
  A two-headed ogre (D:8)
  Joseph (D:8)
  A troll (D:9)
  Prince Ribbit (D:7)
  A wyvern (D:9)
  Eustachio (D:4)
  7 yaks (D:10)
  2 steam dragons
  A water moccasin (D:9)
  2 orc warriors
  Duvessa (D:6)
  An ice beast (D:7)
  2 necrophages
  3 ogres
  4 centaurs
  2 phantoms
  3 kobold brigands
  Blork the orc (D:5)
  3 bullfrogs
  7 gnoll sergeants
  A scorpion (D:6)
  A wyvern zombie (D:7)
  A wyvern skeleton (D:7)
  Dowan (D:6)
  10 killer bees
  4 wights (D:8)
  A howler monkey (D:9)
  A centaur zombie (D:8)
  An orc priest (D:7)
  A bullfrog skeleton (D:6)
  A gnoll shaman (D:6)
  A hound (D:4)
  A bullfrog zombie (D:6)
  A centaur skeleton (D:4)
  4 orc wizards
  An iguana (D:6)
  A hound skeleton (D:8)
  23 gnolls
  8 adders
  A white imp (D:8)
  2 ufetubi
  A worm (D:4)
  An adder skeleton (D:4)
  4 dart slugs
  19 orcs
  4 ball pythons
  4 endoplasms
  4 giant cockroaches
  8 goblins
  6 hobgoblins
  3 jackals (D:4)
  13 kobolds
  4 quokkas
  7 bats
  3 frilled lizards
  2 rats (D:3)
194 creatures vanquished.

Vanquished Creatures (others)
  4 withered plants (D:7)
4 creatures vanquished.

Grand Total: 198 creatures vanquished

Notes
Turn   | Place    | Note
-------+----------+-------------------------------------------
     0 | D:1      | polve the Draconian Transmuter began the quest for the Orb.
     0 | D:1      | Reached XP level 1. HP: 16/16 MP: 3/3
   442 | D:1      | Reached XP level 2. HP: 21/23 MP: 3/5
   590 | D:1      | Reached skill level 3 in Transmutations
  1025 | D:2      | Reached XP level 3. HP: 28/28 MP: 4/6
  1213 | D:2      | Reached skill level 4 in Transmutations
  1779 | D:2      | HP: 1/28 [gnoll/+0 club (3)]
  1812 | D:2      | Reached XP level 4. HP: 10/35 MP: 5/7
  1816 | D:2      | HP: 1/35 [gnoll/+0 club (5)]
  2276 | D:2      | Found a snail-covered altar of Cheibriados.
  2535 | D:3      | Noticed an ogre
  2617 | D:3      | Killed an ogre
  2618 | D:3      | Reached skill level 5 in Transmutations
  2618 | D:3      | Reached XP level 5. HP: 26/40 MP: 6/8
  3213 | D:3      | Learned a level 2 spell: Blink
  3216 | D:3      | Learned a level 2 spell: Wereblood
  3220 | D:3      | Learned a level 3 spell: Spider Form
  3279 | D:4      | Reached skill level 6 in Transmutations
  3282 | D:4      | Noticed a phantom
  3298 | D:4      | Killed a phantom
  3299 | D:4      | Reached XP level 6. HP: 45/47 MP: 9/9
  3350 | D:4      | Found a white marble altar of Elyvilon.
  3405 | D:4      | Reached skill level 7 in Transmutations
  3426 | D:4      | Found Cip Niecu's Magic Scroll Shoppe.
  3466 | D:4      | Found a sparkling altar of Nemelex Xobeh.
  3707 | D:4      | Noticed Eustachio
  4117 | D:4      | Killed Eustachio
  4118 | D:4      | Reached skill level 8 in Transmutations
  4118 | D:4      | Your scales start taking on a pale cyan-grey colour.
  4118 | D:4      | Reached XP level 7. HP: 45/52 MP: 7/10
  4118 | D:4      | Gained mutation: You are immune to the effects of steam.
                  | [Pale Draconian growth]
  4309 | D:5      | Entered Level 5 of the Dungeon
  4482 | D:5      | Found a staircase to the Ecumenical Temple.
  4753 | D:5      | Noticed Blork the orc
  4765 | D:5      | Killed Blork the orc
  4784 | D:5      | Found Xistaocwu's Distillery.
  4792 | D:5      | Bought a potion of heal wounds for 60 gold pieces
  4792 | D:5      | Bought a potion of lignification for 36 gold pieces
  4885 | D:5      | Reached XP level 8. HP: 62/62 MP: 10/12
  5096 | D:5      | Learned a level 5 spell: Hydra Form
  5228 | D:6      | Reached skill level 9 in Transmutations
  5499 | D:6      | Noticed Dowan
  5500 | D:6      | Noticed Duvessa
  5502 | D:6      | Killed Dowan
  5525 | D:6      | Killed Duvessa
  5761 | D:6      | Found Vihask's Antique Armour Shop.
  5829 | D:7      | Noticed Prince Ribbit
  5845 | D:7      | Killed Prince Ribbit
  5846 | D:7      | Reached skill level 5 in Fighting
  5945 | D:7      | Reached skill level 10 in Transmutations
  6109 | D:7      | Reached XP level 9. HP: 39/75 MP: 9/13
  6239 | D:7      | Found a runed translucent gate.
  6239 | D:7      | Found a runed translucent gate.
  6239 | D:7      | Found a runed translucent gate.
  6243 | D:7      | Noticed banchobear's ghost (amateur DrDe)
  6243 | D:7      | Noticed Hasart's ghost (novice OpVM)
  6243 | D:7      | Noticed nago's ghost (novice DjEE)
  6709 | D:8      | Found a staircase to the Lair.
  6912 | D:8      | Noticed a two-headed ogre
  6919 | D:8      | Killed a two-headed ogre
  6920 | D:8      | Reached skill level 11 in Transmutations
  7007 | D:8      | Found a sparkling altar of Nemelex Xobeh.
  7192 | D:8      | Noticed Joseph
  7207 | D:8      | Killed Joseph
  7344 | D:8      | Found a broken altar of Ashenzari.
  7347 | D:8      | Found an ornate altar of the Wu Jian Council.
  7351 | D:8      | Found a basalt altar of Yredelemnul.
  7443 | D:8      | Found a burning altar of Makhleb.
  7453 | D:8      | Reached XP level 10. HP: 91/91 MP: 14/14
  7710 | D:9      | Identified the +6 rapier of Yvvicweh {drain, rElec rF+}
  7993 | D:9      | Reached skill level 12 in Transmutations
  8056 | D:9      | Found a staircase to the Orcish Mines.
  8383 | D:9      | Reached skill level 10 in Fighting
  8574 | D:10     | Entered Level 10 of the Dungeon
  8728 | D:10     | Found a bloodstained altar of Trog.
  8750 | D:10     | Noticed an ice statue
  9032 | D:10     | Noticed a sixfirhy
  9037 | D:10     | HP: 5/122 [kobold brigand/+0 dagger (6)]
  9313 | D:10     | Noticed a smoke demon
  9319 | D:10     | HP: 3/122 [asphyx]
  9319 | D:10     | Mangled by a chaos spawn

Illustrated notes

Levels and vault maps discovered:
D:1:      dpeg_arrival_rooms_c, layout_loops_cross, chequers_avenue,
          minivault_14, chequers_serial_rivers_micro_b
D:2:      layout_basic, kennysheep_slug_shrine
D:3:      layout_loops_ring, serial_bayou_crossing
D:4:      layout_cave_pools, lemuel_round_altar, kennysheep_mini, serial_shops,
          shop, uniq_eustachio
D:5:      layout_gridville, minmay_temple_entry_hall, serial_shops, shop_statue,
          uniq_blork_the_orc
D:6:      layout_loops_ring, serial_shops, shop, uniq_duvessa
D:7:      layout_basic, gammafunk_ghost_cemetery, uniq_prince_ribbit1
D:8:      layout_basic, makhleb_blood_cavern_becter, minitemple,
          nemelex_dance_club_becter, uniq_joseph
D:9:      layout_roguey, kennysheep_orc_monster_closet_entryway, enter_bailey_3,
          minmay_misc_feat_x, chequers_serial_rivers_small_b
D:10:     cheibrodos_frozen_isle, layout_basic, basic_altar

Skill      XL: |  1  2  3  4  5  6  7  8  9 10 |
---------------+-------------------------------+-----
Transmutations | 3 4 5 6 8 10 11 12 | 12.7
Fighting       | 2 6 9 10 | 10.9
Spellcasting   | 3 |  3.0
Dodging        | |  1.7
Unarmed Combat | |  3.0

Action                   |  1- 3 |  4- 6 |  7- 9 | 10-12 || total
-------------------------+-------+-------+-------+-------++-------
Melee: Unarmed           |   104 |   243 |   136 |    71 ||   554
       Kick              |    18 |    44 |    15 |     1 ||    78
       Punch             |     4 |     3 |     2 |       ||     9
       Headbutt          |     9 |    22 |     5 |       ||    36
       Tailslap          |     8 |    20 |     8 |     6 ||    42
       Rapier            |       |       |       |    42 ||    42
 Cast: Beastly Appendage |    23 |    31 |    13 |     1 ||    68
       Spider Form       |       |     1 |     4 |       ||     5
       Blink             |       |       |     3 |       ||     3
       Wereblood         |       |       |     1 |       ||     1
       Hydra Form        |       |       |     3 |    10 ||    13
 Abil: Breathe Steam     |       |       |    41 |    22 ||    63
       End Transformatio |       |       |     2 |     2 ||     4
  Use: Potion            |     1 |     1 |     1 |     5 ||     8
Armor: Skin              |    32 |    92 |    29 |    66 ||   219
Dodge: Dodged            |    76 |   198 |    73 |    72 ||   419

Table legend: (Time is in decaauts)
 A = Elapsed time spent in this place.
 B = Non-inter-level travel time spent in this place.
 C = Inter-level travel time spent in this place.
 D = Time resting spent in this place.
 E = Time spent auto-exploring this place.
 F = Levels seen in this place.
 G = Mean time per level.
                   A        B        C        D        E       F      G
               +--------+--------+--------+--------+--------+-----+--------+
         Total |   9325 |   8946 |    379 |      0 |   7138 |  10 |  932.5 |
       Dungeon |   9325 |   8946 |    379 |      0 |   7138 |  10 |  932.5 |
               +--------+--------+--------+--------+--------+-----+--------+

Top non-repeatable levels by time:
     D:2: 1454 daAuts
     D:9: 1068 daAuts
     D:3: 962 daAuts
     D:1: 955 daAuts
     D:4: 954 daAuts
     D:8: 921 daAuts
     D:7: 867 daAuts
     D:5: 821 daAuts
     D:6: 694 daAuts
    D:10: 626 daAuts
